 Dungeon Sprint DCSS version 0.26-a0-662-g8b9c6dab81 (webtiles) character file.

Game seed: 2335915573616158435

2585 olmar the Cleaver (level 9, -17/92 HPs)
             Began as a Deep Dwarf Fighter on Oct 9, 2020.
             Was an Initiate of Gozag.
             Killed from afar by a crystal guardian (22 damage)
             ... with a crystal bolt
             ... in the Dungeon (Sprint II: "The Violet Keep of Menkaure").
             The game lasted 00:06:16 (853 turns).

olmar the Cleaver (Deep Dwarf Fighter)               Turns: 853, Time: 00:06:17

Health: -17/92     AC:  8    Str: 23    XL:     9   Next: 32%
Magic:  4/4        EV: 11    Int:  9    God:    Gozag
Gold:   288        SH: 13    Dex: 12    Spells: 8/8 levels left

rFire    . . .     SeeInvis .   a - +0 war axe
rCold    . . .     Faith    .   c - +0 kite shield
rNeg     . . .     Spirit   .   b - +0 scale mail
rPois    .         Reflect  .   (no helmet)
rElec    .         Harm     .   (no cloak)
rCorr    .         Rampage  .   (no gloves)
MR       +....     NoTele   +   (no boots)
Stlth    +.........             (no amulet)
HPRegen  0.00/turn              (no ring)
MPRegen  0.09/turn              (no ring)

@: non-regenerating
A: damage resistance, heal wounds, sense surroundings 2, no regeneration
a: Heal Wounds, Potion Petition, Call Merchant, Bribe Branch, Renounce Religion


You were in the Dungeon.
You worshipped Gozag.
Gozag was aware of your devotion.
You visited 1 branch You collected 2502 gold pieces.
You spent 1179 gold pieces at shops.
You paid 1035 gold pieces to Gozag.

Inventory:

Hand Weapons
 a - a +0 war axe (weapon)
Armour
 b - a +0 scale mail (worn)
 c - a +0 kite shield (worn)
Scrolls
 j - 3 scrolls of blinking
 k - a scroll of identify
 l - a scroll of enchant armour
 m - a scroll of amnesia
Potions
 d - a potion of resistance
 h - 2 potions of magic
 n - a potion of flight
 o - a potion of brilliance
 q - a potion of ambrosia
 s - a potion of mutation


   Skills:
 + Level 9.4 Fighting
 + Level 13.7 Axes
 + Level 10.0 Armour
 + Level 4.5 Dodging
 - Level 3.2 Stealth
 + Level 11.8 Shields


You had 8 spell levels left.
You didn't know any spells.
Your spell library was empty.

Dungeon Overview and Level Annotations

Branches:
Dungeon (1/1)

Altars:
Cheibriados
Dithmenos
Elyvilon
Fedhas
Gozag
Hepliaklqana
Kikubaaqudgha
Makhleb
Nemelex Xobeh
Okawaru
Qazlal
Ru
Sif Muna
Trog
Uskayaw
Vehumet
Wu Jian
Xom
Yredelemnul
Zin
The Shining One
Beogh
Jiyva
Lugonu

Shops:
D }:[[[!!!?=((=[:

Annotations:
D exclusions: ice statue and oklob plant, Roxanne


Innate Abilities, Weirdness & Mutations

You are resistant to damage.
You can heal yourself by infusing magical energy.
You passively map the area around you.
You do not regenerate.


Message History

You block the crystal guardian's attack.
You hit the crystal guardian.
The crystal guardian is moderately damaged.
The crystal guardian hits you!
* * * LOW HITPOINT WARNING * * *
You hit the crystal guardian but do no damage.
The crystal guardian is moderately damaged.
The crystal guardian misses you.
You slash the crystal guardian!
The crystal guardian is severely damaged.
The crystal guardian hits you!!
* * * LOW HITPOINT WARNING * * *
You slash the crystal guardian!
The crystal guardian is severely damaged.
You hit the crystal guardian but do no damage.
The crystal guardian is severely damaged.
The crystal guardian fires a crystalline bolt at you.
The crystal bolt burns you!!
You die...
Your body crumbles into a pile of gold.

§≈≈ **,≈ ,,^, *≈ ≈ * #+++## ,
* * * * .....#$ + , , *, ,$,
$ , '##..# $ * #^ . * $$ ,
#.##.####$ +.##. $$,$$, * $
#..#....# *...#### , , ,$ *
..####..## *#.8##.#▓?(!(")["
'###.##..#$$+..#..#▓$(($?!!?
.##...#..#, #..#@.#▓[$$(?$?(
$
<.'##.'..####..##8#▓)=$$[)[$
, $
.##...#....###...##▓▓▓▓▓▓▓+▓
'###.##......≈≈≈(≈≈≈≈≈≈≈≈≈..
*
#.####≈≈.....≈#(########+###
##.#≈≈≈≈§≈≈..≈#(...._._#S≈≈#
#.##≈≈≈≈≈≈§≈.≈#...._._.#S§§§
*
'##≈≈§≈≈≈≈§≈≈≈#..._._._#§§§§
$$
≈≈≈≈≈≈≈§≈≈≈§§≈#.._._._.#§§§§≈
$


You could see a crystal guardian.

Vanquished Creatures
  A death drake (D)
  A yaktaur (D)
  A blink frog (D)
  A hornet (D)
  2 wyverns (D)
  A water moccasin (D)
  2 swamp drakes (D)
  4 necrophages (D)
  4 worker ants (D)
  3 worms (D)
20 creatures vanquished.

Vanquished Creatures (others)
  A death drake (D)
  3 polar bears (D)
  Menkaure (D)
  A water moccasin (D)
6 creatures vanquished.

Grand Total: 26 creatures vanquished

Notes
Turn   | Place    | Note
-------+----------+-------------------------------------------
     0 | D        | olmar the Deep Dwarf Fighter began the quest for the Orb.
     0 | D        | Reached XP level 1. HP: 20/20 MP: 1/1
     1 | D        | Noticed a worker ant
     1 | D        | Noticed a worker ant
     1 | D        | Noticed a worker ant
     1 | D        | Noticed a worker ant
     3 | D        | Killed a worker ant
     3 | D        | Reached XP level 2. HP: 30/30 MP: 2/2
     7 | D        | Reached skill level 3 in Axes
     7 | D        | Reached skill level 5 in Armour
     7 | D        | Reached skill level 5 in Shields
     7 | D        | Reached XP level 3. HP: 37/37 MP: 3/3
    12 | D        | Reached XP level 4. HP: 45/45 MP: 4/4
    18 | D        | Reached skill level 5 in Fighting
    18 | D        | Reached skill level 4 in Axes
    24 | D        | Killed a water moccasin
    31 | D        | Noticed a wyvern
    31 | D        | Noticed a wyvern
    34 | D        | Noticed a necrophage
    34 | D        | Noticed a necrophage
    34 | D        | Noticed a necrophage
    34 | D        | Noticed a necrophage
    40 | D        | Killed a necrophage
    40 | D        | Reached skill level 5 in Axes
    40 | D        | Reached XP level 5. HP: 53/53 MP: 5/5
    42 | D        | Killed a necrophage
    42 | D        | Reached skill level 6 in Axes
    46 | D        | Killed a necrophage
    46 | D        | Reached skill level 7 in Axes
    46 | D        | Reached XP level 6. HP: 60/61 MP: 6/6
    48 | D        | Reached skill level 8 in Axes
    48 | D        | Reached skill level 1 in Dodging
    53 | D        | Killed Menkaure
    60 | D        | Killed a wyvern
    60 | D        | Reached skill level 9 in Axes
    60 | D        | Reached XP level 7. HP: 51/70 MP: 7/7
    66 | D        | Killed a wyvern
    81 | D        | Found a snail-covered altar of Cheibriados.
    82 | D        | Found a shadowy altar of Dithmenos.
    82 | D        | Found a roughly hewn altar of Beogh.
    82 | D        | Found a viscous altar of Jiyva.
    83 | D        | Found a white marble altar of Elyvilon.
    83 | D        | Found an ancient bone altar of Kikubaaqudgha.
    84 | D        | Found a blossoming altar of Fedhas.
    84 | D        | Found a corrupted altar of Lugonu.
    84 | D        | Found a shimmering blue altar of Sif Muna.
    85 | D        | Found an opulent altar of Gozag.
    85 | D        | Found a burning altar of Makhleb.
    85 | D        | Found a bloodstained altar of Trog.
    86 | D        | Found a sparkling altar of Nemelex Xobeh.
    86 | D        | Found a hide-covered altar of Uskayaw.
    87 | D        | Found a basalt altar of Yredelemnul.
    88 | D        | Found an iron altar of Okawaru.
    88 | D        | Found a radiant altar of Vehumet.
    88 | D        | Found a glowing silver altar of Zin.
    88 | D        | Found a hazy altar of Hepliaklqana.
    88 | D        | Found a sacrificial altar of Ru.
    88 | D        | Found a shimmering altar of Xom.
    89 | D        | Found a stormy altar of Qazlal.
    89 | D        | Found an ornate altar of the Wu Jian Council.
    89 | D        | Found a glowing golden altar of the Shining One.
    94 | D        | Became a worshipper of Gozag Ym Sagoz the Greedy
   120 | D        | Noticed an ice statue
   153 | D        | Identified Roxanne's Volume of Shape Shifting
   153 | D        | Noticed Roxanne
   157 | D        | Reached skill level 10 in Shields
   171 | D        | Found Difimnog's Book Shop.
   171 | D        | Found Goiboliq's Antique Weapon Boutique.
   171 | D        | Found Zelol's Armour Boutique.
   172 | D        | Found Huhuar's Antique Weapon Shop.
   172 | D        | Found Nijapuus's Jewellery Boutique.
   172 | D        | Found Seamos's Magic Scroll Shop.
   172 | D        | Found Roedu's Distillery.
   173 | D        | Found Vour Heu's Distillery.
   173 | D        | Found Pezime's Antique Armour Shop.
   173 | D        | Noticed a cane toad
   174 | D        | Found Kiutupeb's Jewellery Shop.
   174 | D        | Found Cahyxzin's Distillery.
   174 | D        | Noticed a cane toad
   175 | D        | Found Ceuwkeod's Armour Boutique.
   175 | D        | Found Nitz's Antique Armour Shop.
   175 | D        | Noticed an oklob plant
   175 | D        | Noticed a shining eye
   176 | D        | Found Uchargh's Gadget Boutique.
   176 | D        | Found Idghos's Book Shoppe.
   176 | D        | Noticed a shining eye
   176 | D        | Noticed a shining eye
   180 | D        | Reached skill level 10 in Axes
   188 | D        | Noticed a flying skull
   188 | D        | Noticed a flying skull
   188 | D        | Noticed a flying skull
   188 | D        | Noticed a flying skull
   189 | D        | Noticed a flying skull
   189 | D        | Noticed a flying skull
   191 | D        | Bought a potion of resistance for 130 gold pieces
   191 | D        | Bought a potion of lignification for 39 gold pieces
   194 | D        | Bought a scroll of identify for 26 gold pieces
   194 | D        | Bought a scroll of enchant armour for 97 gold pieces
   194 | D        | Bought a scroll of blinking for 97 gold pieces
   194 | D        | Bought a scroll of blinking for 97 gold pieces
   194 | D        | Bought a scroll of amnesia for 45 gold pieces
   195 | D        | Bought a potion of flight for 36 gold pieces
   195 | D        | Bought a potion of heal wounds for 60 gold pieces
   195 | D        | Bought a potion of heal wounds for 60 gold pieces
   195 | D        | Bought a potion of brilliance for 48 gold pieces
   195 | D        | Bought a potion of cancellation for 96 gold pieces
   195 | D        | Bought a potion of ambrosia for 96 gold pieces
   195 | D        | Bought a potion of invisibility for 96 gold pieces
   195 | D        | Bought a potion of heal wounds for 60 gold pieces
   195 | D        | Bought a potion of mutation for 96 gold pieces
   210 | D        | Noticed a blink frog
   244 | D        | Killed a blink frog
   244 | D        | Reached skill level 11 in Axes
   244 | D        | Reached XP level 8. HP: 70/81 MP: 8/8
   283 | D        | Noticed a crystal guardian
   406 | D        | Noticed a death drake
   408 | D        | Noticed a polar bear
   408 | D        | Noticed a polar bear
   409 | D        | Noticed a hornet
   410 | D        | Noticed a polar bear
   422 | D        | Noticed a yaktaur
   425 | D        | Killed a polar bear
   426 | D        | Paralysed by a hornet for 1 turns
   434 | D        | Killed a hornet
   434 | D        | Killed a polar bear
   441 | D        | Killed a death drake
   441 | D        | Reached skill level 12 in Axes
   446 | D        | Killed a polar bear
   461 | D        | Killed a yaktaur
   461 | D        | Reached skill level 13 in Axes
   461 | D        | Gained mutation: You passively map the area around you.
                  | [Deep Dwarf growth]
   461 | D        | Reached XP level 9. HP: 16/90 MP: 9/9
   480 | D        | Noticed a death drake
   502 | D        | Killed a death drake
   502 | D        | Reached skill level 10 in Armour
   505 | D        | HP: 6/138 [poisoned by a death drake (dark miasma)]
   853 | D        | Killed from afar by a crystal guardian

Illustrated notes

Levels and vault maps discovered:
D:        the_violet_keep_of_menkaure [sprint2_stairs_cluster_1,
          sprint2_shoproom, sprint2_temple, sprint2_basic_supplies,
          sprint2_obstacle_2, sprint2_obstacle_7, sprint2_obstacle_6,
          sprint2_obstacle_1, sprint2_obstacle_4, sprint2_timed_cluster_1,
          sprint2_smallroom_cluster_1, sprint2_smallroom_final_cluster_1,
          sprint2_transparent_cluster_1, sprint2_second_timed_cluster_1,
          sprint2_sniper_area_1, sprint2_heavy_combat_area_1,
          sprint2_mutation_trap_area_1, sprint2_forest_area_1,
          sprint2_light_combat_area_1, sprint2_behind_water_1,
          sprint2_near_end_vault_1]

Skill      XL: |  1  2  3  4  5  6  7  8  9 |
---------------+----------------------------+-----
Fighting       | 3 4 5 6 7 8 9 |  9.4
Armour         | 4 5 7 8 9 10 | 10.0
Shields        | 4 5 7 8 9 10 11 | 11.8
Axes           | 3 5 7 9 11 13 | 13.7
Dodging        | 1 3 4 |  4.5
Stealth        | 3 |  3.2

Action                   |  1- 3 |  4- 6 |  7- 9 || total
-------------------------+-------+-------+-------++-------
Melee: War axe           |    10 |    29 |    95 ||   134
Invok: Potion Petition   |       |       |     4 ||     4
 Abil: Heal Wounds       |       |       |     6 ||     6
  Use: Potion            |     1 |     1 |     9 ||    11
 Stab: Invisible         |       |       |     9 ||     9
       Sleeping          |       |       |     1 ||     1
Armor: Scale mail        |       |     3 |    20 ||    23
       Skin              |       |       |     9 ||     9
Dodge: Dodged            |       |    10 |    38 ||    48
Block: Kite shield       |     5 |    16 |    42 ||    63

Table legend: (Time is in decaauts)
 A = Elapsed time spent in this place.
 B = Non-inter-level travel time spent in this place.
 C = Inter-level travel time spent in this place.
 D = Time resting spent in this place.
 E = Time spent auto-exploring this place.
 F = Levels seen in this place.
 G = Mean time per level.
                   A        B        C        D        E       F      G
               +--------+--------+--------+--------+--------+-----+--------+
         Total |    869 |    869 |      0 |    370 |      0 |   1 |  869.0 |
       Dungeon |    869 |    869 |      0 |    370 |      0 |   1 |  869.0 |
               +--------+--------+--------+--------+--------+-----+--------+

Top non-repeatable levels by time:
       D: 869 daAuts
